 Dungeon Crawl Stone Soup version 0.24.0-35-gdb84b6a5db (webtiles) character file.

Game seed: 7738452642055030401, levelgen mode: deterministic

7359 Nattfarinn the Transmogrifier (level 11, -2/78 HPs)
             Began as a Merfolk Transmuter on Nov 18, 2019.
             Slain by a troll (7 damage)
             ... on level 11 of the Dungeon.
             The game lasted 00:26:06 (10386 turns).

Nattfarinn the Transmogrifier (Merfolk Transmuter) Turns: 10386, Time: 00:26:09

Health: -2/78      AC:  7    Str: 14    XL:     11   Next: 14%
Magic:  10/20      EV: 13    Int: 17    God:
Gold:   409        SH:  0    Dex: 15    Spells: 7/22 levels left

rFire    + . .     SeeInvis .     - Unarmed
rCold    . . .     Gourm    .   (shield currently unavailable)
rNeg     . . .     Faith    .   N - +2 robe {rF+}
rPois    .         Spirit   .   B - +0 helmet
rElec    .         Reflect  .   (no cloak)
rCorr    .         Harm     .   (gloves currently unavailable)
MR       .....                  (no boots)
Stlth    +.........             (no amulet)
HPRegen  0.23/turn              l - +5 ring of intelligence
MPRegen  0.17/turn              n - +2 ring of protection

@: about to teleport, blade hands (expiring)
A: change form in water, swift swim, stealthy swim
a: End Transformation


You were on level 11 of the Dungeon.
You were not hungry.
You had blades for hands.
You visited 1 branch of the dungeon, and saw 10 of its levels.

You collected 959 gold pieces.
You spent 550 gold pieces at shops.

Inventory:

Missiles
 a - 112 arrows
Armour
 b - a +0 robe
 i - a +0 pair of gloves (melded)
 w - a +0 buckler
 B - a +0 helmet (worn)
 N - a +2 robe of fire resistance (worn)
Jewellery
 l - a +5 ring of intelligence (left scythe-like blade)
 n - a +2 ring of protection (right scythe-like blade)
 o - an uncursed ring of protection from magic
 y - an uncursed ring of magical power {unknown}
 G - an uncursed ring of flight
Wands
 q - a wand of polymorph (4)
 H - a wand of random effects (36)
 M - a wand of acid (4)
Scrolls
 e - 2 scrolls of fog {unknown}
 h - 2 scrolls of immolation {unknown}
 j - 2 scrolls of enchant weapon {unknown}
 k - 4 scrolls of teleportation
 p - 5 scrolls of remove curse {unknown}
 s - 6 scrolls of identify {unknown}
 v - 2 scrolls of enchant armour {unknown}
 E - 2 scrolls of amnesia {unknown}
 F - a scroll of fear {unknown}
Potions
 c - 3 potions of degeneration {unknown}
 f - a potion of resistance
 g - 4 potions of lignification {unknown}
 m - a potion of ambrosia {unknown}
 r - 4 potions of curing {unknown}
 t - a potion of brilliance {unknown}
 u - a potion of cancellation {unknown}
 x - 2 potions of invisibility {unknown}
 A - 2 potions of haste {unknown}
 C - a potion of might {unknown}
 D - 2 potions of mutation {unknown}
 I - a potion of magic {unknown}
 J - a potion of flight {unknown}
 L - a potion of agility {unknown}
Comestibles
 d - 15 rations
 z - 2 chunks of flesh


   Skills:
 - Level 4.4 Fighting
 - Level 2.6 Dodging
 + Level 10.4 Unarmed Combat
 * Level 6.2 Spellcasting
 + Level 14.9 Transmutations


You had 7 spell levels left.
You knew the following spells:

 Your Spells              Type           Power        Failure   Level  Hunger
a - Beastly Appendage     Tmut           ######       4%          1    None
b - Spider Form           Tmut/Pois      ####......   21%         3    ##.....
c - Blade Hands           Tmut           ######....   13%         5    #####..
d - Hydra Form            Tmut           ######....   30%         6    #######

Your spell library contained the following spells:

 Spells                   Type           Power        Failure   Level  Hunger
 Sticks to Snakes         Tmut           ######..     5%          2    None
 Ice Form                 Ice/Tmut       ####....     36%         4    ####...
 Irradiate                Conj/Tmut      ####......   56%         5    #####..
 Dragon Form              Tmut           ######....   65%         7    #######
 Statue Form              Tmut/Erth      ####.....    94%         6    #######


Dungeon Overview and Level Annotations

Branches:
Dungeon (9/15)             Temple (0/1) D:4            Lair (0/6) D:9
    Orc: D:9-12

Altars:
Cheibriados
Elyvilon
Fedhas
Qazlal
Ru
Trog
Uskayaw
Wu Jian
Zin
The Shining One

Shops:
D:5 :*

Annotations:
D:7 2 runed translucent doors, exclusion: orange crystal statue


Message History

The troll barely misses you.
Unknown command.
You hit the troll.
The troll is severely wounded.
The troll bites you.
* * * LOW HITPOINT WARNING * * *
The troll barely misses you. The troll claws you but does no damage.
Unknown command.
You barely miss something. Something hits you but does no damage.
The troll closely misses you. The troll barely misses you.
The troll closely misses you.
Unknown command.
As you read the scroll labeled SUUCSO DOTAO, it crumbles to dust.
You feel strangely unstable.
It was a scroll of teleportation.
Something hits you!
* * * LOW HITPOINT WARNING * * *
The yak gores you.
* * * LOW HITPOINT WARNING * * *
The troll bites you!
You die...

.........$.#
#.........#
#Y........#
#.......#
#.Y.O...#
#.......#
#.Y.....#
#...YT..#
#...@...#
#.......#
#########


You could see 3 yaks, a troll and an ogre.

Vanquished Creatures
  2 two-headed ogres
  Psyche (D:9)
  A hippogriff (D:8)
  2 yaks
  3 hogs (D:7)
  A human (D:7)
  Menkaure (D:4)
  2 porcupines (D:9)
  2 orc warriors
  5 sky beasts
  A black bear (D:9)
  5 phantoms
  5 ogres
  A centaur (D:5)
  4 crocodiles (D:9)
  6 big kobolds
  3 bullfrogs
  4 scorpions
  4 crimson imps
  2 hounds
  A quasit (D:7)
  6 orc priests
  A bullfrog skeleton (D:5)
  2 jellies (D:7)
  2 centaur skeletons
  3 iguanas
  3 orc wizards
  Natasha (thrice) (D:2)
  6 worker ants
  2 hound skeletons
  A howler monkey zombie (D:6)
  19 gnolls
  11 adders
  4 shadow imps
  3 oozes
  An adder skeleton (D:4)
  6 worms
  A dart slug (D:4)
  5 leopard geckos
  39 orcs
  6 ball pythons
  7 bats
  5 giant cockroaches
  29 goblins
  25 hobgoblins
  2 jackals (D:3)
  A quokka (D:4)
  5 frilled lizards
  A jackal zombie (D:5)
  17 kobolds
  A leopard gecko skeleton (D:4)
  A leopard gecko zombie (D:8)
  4 rats
  2 plants (D:9)
280 creatures vanquished.

Vanquished Creatures (others)
  13 fungi (D:9)
  4 plants (D:9)
17 creatures vanquished.

Grand Total: 297 creatures vanquished

Notes
Turn   | Place    | Note
-------+----------+-------------------------------------------
     0 | D:1      | Nattfarinn the Merfolk Transmuter began the quest for the
                  | Orb.
     0 | D:1      | Reached XP level 1. HP: 15/15 MP: 3/3
    41 | D:1      | Reached skill level 3 in Transmutations
   311 | D:1      | Reached XP level 2. HP: 17/21 MP: 3/5
   562 | D:1      | Reached skill level 4 in Transmutations
  1054 | D:1      | Reached XP level 3. HP: 26/26 MP: 4/6
  1298 | D:2      | Learned a level 3 spell: Spider Form
  1308 | D:2      | Noticed Natasha
  1314 | D:2      | Killed Natasha
  1314 | D:2      | Reached skill level 5 in Transmutations
  1325 | D:2      | Reached XP level 4. HP: 25/32 MP: 4/7
  1542 | D:2      | Reached skill level 6 in Transmutations
  1772 | D:2      | Reached XP level 5. HP: 32/37 MP: 3/8
  1780 | D:2      | Reached skill level 7 in Transmutations
  1990 | D:2      | Noticed Natasha
  1998 | D:2      | Killed Natasha
  2029 | D:2      | Noticed Natasha
  2035 | D:2      | Killed Natasha
  2719 | D:3      | Reached skill level 8 in Transmutations
  2725 | D:3      | Reached XP level 6. HP: 41/43 MP: 3/9
  2876 | D:3      | Found a stormy altar of Qazlal.
  3336 | D:4      | Found a white marble altar of Elyvilon.
  3344 | D:4      | Noticed an orc warrior
  3362 | D:4      | Killed an orc warrior
  3362 | D:4      | Reached skill level 9 in Transmutations
  3362 | D:4      | Reached XP level 7. HP: 48/48 MP: 7/10
  3429 | D:4      | Reached skill level 10 in Transmutations
  3465 | D:4      | Found a staircase to the Ecumenical Temple.
  3556 | D:4      | Noticed Menkaure
  3563 | D:4      | Learned a level 5 spell: Blade Hands
  3565 | D:4      | Killed Menkaure
  4188 | D:4      | Found a hide-covered altar of Uskayaw.
  4188 | D:4      | Found a glowing golden altar of the Shining One.
  4252 | D:4      | Reached XP level 8. HP: 44/56 MP: 6/11
  4529 | D:4      | Found a bloodstained altar of Trog.
  4580 | D:5      | Entered Level 5 of the Dungeon
  4764 | D:5      | Reached skill level 5 in Unarmed Combat
  4886 | D:5      | Found Veivol's Book Shoppe.
  4890 | D:5      | Bought a book of Transfigurations for 550 gold pieces
  5636 | D:5      | Found a sacrificial altar of Ru.
  5962 | D:5      | Found Mafufut's General Store.
  6534 | D:6      | Reached skill level 11 in Transmutations
  6543 | D:6      | Reached XP level 9. HP: 64/66 MP: 3/12
  7357 | D:7      | Reached skill level 12 in Transmutations
  7876 | D:7      | Found a runed translucent door.
  7883 | D:7      | Found the +10 large shield of Ignorance {rN+ Int-4}
  7921 | D:7      | Found a runed translucent door.
  7927 | D:7      | Noticed an orange crystal statue
  8112 | D:7      | Reached skill level 13 in Transmutations
  8335 | D:7      | Reached XP level 10. HP: 61/73 MP: 5/13
  8481 | D:7      | Found a snail-covered altar of Cheibriados.
  8548 | D:7      | Reached skill level 14 in Transmutations
  9026 | D:8      | Found a glowing silver altar of Zin.
  9156 | D:8      | Found a stormy altar of Qazlal.
  9314 | D:8      | Noticed a two-headed ogre
  9321 | D:8      | Killed a two-headed ogre
  9333 | D:8      | Learned a level 6 spell: Hydra Form
  9554 | D:8      | Found an ornate altar of the Wu Jian Council.
  9675 | D:9      | Found a staircase to the Lair.
  9808 | D:9      | Reached skill level 10 in Unarmed Combat
 10039 | D:9      | Reached skill level 5 in Spellcasting
 10117 | D:9      | Noticed a two-headed ogre
 10125 | D:9      | Killed a two-headed ogre
 10125 | D:9      | Reached XP level 11. HP: 71/78 MP: 11/19
 10137 | D:9      | Noticed Psyche
 10234 | D:9      | Killed Psyche
 10319 | D:9      | Found a blossoming altar of Fedhas.
 10348 | D:9      | You fall into a shaft and drop 2 floors!
 10386 | D:11     | Slain by a troll

Levels and vault maps discovered:
D:1:      dpeg_arrival_rooms_b, layout_basic
D:2:      layout_rooms, uniq_natasha
D:3:      layout_basic, chequers_serial_rivers_micro_e,
          nicolae_qazlal_general_emergency
D:4:      minmay_polygon_palace, layout_basic, kennysheep_little_box,
          marbit_many_paths, gammafunk_temple_overflow_statue,
          minmay_temple_entry_overgrown, first_ration, uniq_menkaure
D:5:      minmay_goblin_kobold_castle, layout_basic,
          nicolae_ru_sacrificial_ziggurat, serial_shops, shop,
          nicolae_shop_crystal, skrybe_limestone_x, minmay_statues_item
D:6:      layout_loops_ring
D:7:      layout_loops_ring, cheibrodos_worm_habitat, grunt_livestock,
          chequers_guarded_unrand_ignorance
D:8:      layout_cave_pods, basic_altar, hangedman_feature_mirror,
          kennysheep_cross_room
D:9:      layout_long_grid, due_lair_maze_entry_diamond, special_room
          [special_room_kobold], fedhas_altar_3, uniq_psyche
D:11:     layout_rooms, erik_orc_1, serial_shops, nicolae_shop_window_shopping,
          serial_rivers, chequers_serial_rivers_room_b,
          chequers_serial_rivers_micro_a, chequers_serial_rivers_micro_e,
          chequers_serial_rivers_marsh

Skill      XL: |  1  2  3  4  5  6  7  8  9 10 11 |
---------------+----------------------------------+-----
Transmutations | 3 4 5 6 8 9 10 11 13 14 | 14.9
Fighting       | 2 4 |  4.4
Unarmed Combat | 4 7 9 10 | 10.4
Spellcasting   | 5 6 |  6.2
Dodging        | |  2.6

Action                   |  1- 3 |  4- 6 |  7- 9 | 10-12 || total
-------------------------+-------+-------+-------+-------++-------
Melee: Unarmed           |    62 |   127 |   343 |   148 ||   680
       Headbutt          |     7 |       |       |       ||     7
       Punch             |       |       |     4 |     4 ||     8
       Tailslap          |       |       |       |     1 ||     1
 Cast: Beastly Appendage |    14 |     1 |       |       ||    15
       Spider Form       |     1 |    19 |     4 |       ||    24
       Blade Hands       |       |       |    47 |    15 ||    62
       Hydra Form        |       |       |       |     6 ||     6
  Use: Scroll            |       |       |       |     1 ||     1
       Potion            |       |       |       |     1 ||     1
 Stab: Sleeping          |     1 |       |       |       ||     1
  Eat: Chunk             |     2 |     9 |    32 |    10 ||    53
Armor: Robe              |    14 |    17 |    54 |    23 ||   108
       Skin              |       |     8 |     4 |    11 ||    23
Dodge: Dodged            |    40 |   175 |   210 |    69 ||   494
